 Dungeon Crawl Stone Soup version 0.23-a0-41-g8b50da7 (webtiles) character file.

114 Dordric the Bolt Thrower (level 5, -3/41 HPs)
             Began as a Human Wanderer on Aug 5, 2018.
             Shot with an arrow by a centaur (13 damage)
             ... on level 4 of the Dungeon.
             The game lasted 00:05:27 (2308 turns).

Dordric the Bolt Thrower (Human Wanderer)           Turns: 2308, Time: 00:05:28

Health: -3/41      AC:  5    Str: 14    XL:     5   Next: 19%
Magic:  5/5        EV: 10    Int: 12    God:
Gold:   126        SH:  0    Dex: 12    Spells: 4/4 levels left

rFire    . . .     SeeInvis .   b - +0 hand crossbow
rCold    . . .     Gourm    .   (no shield)
rNeg     . . .     Faith    .   j - +0 ring mail
rPois    .         Spirit   .   (no helmet)
rElec    .         Reflect  .   (no cloak)
rCorr    .         Harm     .   (no gloves)
MR       .....                  (no boots)
Stlth    +.........             (no amulet)
HPRegen  0.13/turn              (no ring)
MPRegen  0.09/turn              (no ring)

@: no status effects
A: no striking features
a: no special abilities


You were on level 4 of the Dungeon.
You were not hungry.

You visited 1 branch of the dungeon, and saw 4 of its levels.

You collected 126 gold pieces.

Inventory:

Hand Weapons
 a - a +2 mace
 b - a +0 hand crossbow (weapon)
Missiles
 c - 30 bolts (quivered)
Armour
 e - a +0 robe
 j - a +0 ring mail (worn)
 n - a +0 chain mail
Wands
 d - a wand of random effects (15)
Scrolls
 h - 5 scrolls of identify {unknown}
 i - 2 scrolls of teleportation {unknown}
 k - 2 scrolls of immolation {unknown}
 l - 2 scrolls of magic mapping {unknown}
 m - a scroll of random uselessness {unknown}
 o - 2 scrolls of amnesia {unknown}
 p - 3 scrolls of remove curse {unknown}
 s - a scroll of enchant weapon {unknown}
 u - a scroll of fear {unknown}
Potions
 g - 2 potions of curing {unknown}
 q - a potion of might {unknown}
 r - a potion of lignification {unknown}
 t - a potion of haste {unknown}
Comestibles
 f - 8 rations
 v - a chunk of flesh


   Skills:
 - Level 3.0 Fighting
 + Level 3.2 Maces & Flails
 + Level 3.7 Crossbows
 - Level 2.0 Armour
   Level 1.0 Shields
 - Level 1.0 Evocations


You had 4 spell levels left.
You didn't know any spells.
Your spell library was empty.

Dungeon Overview and Level Annotations

Branches:
Dungeon (4/15)
 Temple: D:4-7

Altars:
Dithmenos
Gozag
Qazlal
Trog
The Shining One


Message History

You shoot a bolt. The bolt hits the centaur!
The centaur is heavily wounded.
The centaur shoots an arrow.
The arrow hits you! The arrow freezes you.
You are too injured to fight recklessly!
You are too injured to fight recklessly!
Firing (i - inventory)
c - 32 bolts (quivered)
Press: ? - help, Shift-Dir - straight line, f/p - centaur
Aim: a centaur, wielding a shortbow of freezing (heavily wounded)
You shoot a bolt. The bolt hits the centaur.
The centaur is heavily wounded.
The centaur shoots an arrow.
The arrow hits you.
* * * LOW HITPOINT WARNING * * *
The arrow freezes you.
* * * LOW HITPOINT WARNING * * *
Firing (i - inventory)
c - 31 bolts (quivered)
Press: ? - help, Shift-Dir - straight line, f/p - centaur
Aim: a centaur, wielding a shortbow of freezing (heavily wounded)
You shoot a bolt. The bolt barely misses the centaur.
The centaur shoots an arrow.
The arrow hits you!
You die...

#.# ### #.. ..#
###.####.####
...........##
############.#........#
......................+
#####(....(......#.#..#
#.........##.#.# (..
#.....@.......<# .
#..........#.#.#
#............#.#
#.........####.#
#.....c...# #..
.......(.?.# ###
##.....(...#
#.....!(..#


You could see a centaur.

Vanquished Creatures
  2 worker ants (D:4)
  A gnoll (D:1)
  An adder (D:2)
  An ooze (D:3)
  2 worms
  A dart slug (D:2)
  A leopard gecko (D:1)
  2 giant cockroaches
  9 goblins
  3 hobgoblins
  6 kobolds
  4 bats
  3 frilled lizards
  3 rats
39 creatures vanquished.

Notes
Turn   | Place    | Note
-------+----------+-------------------------------------------
     0 | D:1      | Dordric the Human Wanderer began the quest for the Orb.
     0 | D:1      | Dordric set off with: a +2 mace, a +0 hand crossbow, 21 bolts, a wand of random effects (15), a +0 robe, a ration
     0 | D:1      | Reached XP level 1. HP: 18/18 MP: 1/1
   129 | D:1      | Reached XP level 2. HP: 21/24 MP: 2/2
   406 | D:1      | Reached XP level 3. HP: 15/29 MP: 3/3
  1169 | D:2      | Reached XP level 4. HP: 28/35 MP: 4/4
  1320 | D:2      | Found a shadowy altar of Dithmenos.
  1330 | D:2      | Found a bloodstained altar of Trog.
  1787 | D:3      | Found a stormy altar of Qazlal.
  1916 | D:3      | Found a glowing golden altar of the Shining One.
  1948 | D:3      | Found an opulent altar of Gozag.
  2284 | D:4      | Reached XP level 5. HP: 41/41 MP: 5/5
  2303 | D:4      | Noticed a centaur
  2308 | D:4      | Shot with an arrow by a centaur

Vault maps used:
D:1:      onia_arrival_mini_maze_b
D:2:      nicolae_overflow_hidden_temple, first_ration
D:3:      grunt_qazlal_sundering, old_standard_altar, tso_metal_star
D:4:      ebering_ghost_sewer_d, nicolae_gozag_cash_rules_everything_around_me

Skill      XL: |  1  2  3  4 |
---------------+-------------+-----
Maces & Flails | 2 3 |  3.2
Crossbows      | 3 |  3.7
Fighting       | |  3.0
Armour         | |  2.0
Shields        | |  1.0
Evocations     | |  1.0

Action                   |  1- 3 |  4- 6 || total
-------------------------+-------+-------++-------
Melee: Mace              |    42 |    62 ||   104
 Fire: Hand crossbow     |    12 |    14 ||    26
  Eat: Chunk             |     1 |     3 ||     4
Armor: Robe              |     5 |       ||     5
       Ring mail         |    16 |    19 ||    35
Dodge: Dodged            |    30 |    40 ||    70

Table legend:
 A = Spawn XP
 B = Non-spawn XP
 C = Spawn XP percentage of total XP
 D = Spawn monster count
 E = Non-spawn monster count
 F = Spawn count percentage of total count
 G = Total turns spent on level
                    A         B        C        D         E        F      G
               +---------+---------+-------+---------+---------+-------+---------
         Total |       0 |     164 |   0.0 |       0 |      39 |   0.0 |  2308
               +---------+---------+-------+---------+---------+-------+---------
           D:1 |       0 |      39 |   0.0 |       0 |      14 |   0.0 |   721
           D:2 |       0 |      40 |   0.0 |       0 |      13 |   0.0 |   890
           D:3 |       0 |      21 |   0.0 |       0 |      10 |   0.0 |   602
           D:4 |       0 |      64 |   0.0 |       0 |       2 |   0.0 |    95
               +---------+---------+-------+---------+---------+-------+---------
